 Dungeon Crawl Stone Soup version 0.31.0-32-g396128a36d (webtiles) character file.

Game seed: 4147155727618661086

455 BlackCrag the Cudgeller (level 6, -1/56 HPs)
             Began as a Minotaur Fighter on Apr 5, 2024.
             Slain by Dowan
             ... wielding a +0 dagger
              (5 damage)
             ... on level 4 of the Dungeon.
             The game lasted 00:09:03 (2725 turns).

BlackCrag the Cudgeller (Minotaur Fighter)          Turns: 2725, Time: 00:09:04

Health: -1/56      AC: 13    Str: 23    XL:     6   Next: 76%
Magic:  5/5        EV:  6    Int:  5    God:
Gold:   185        SH:  4    Dex:  9    Spells: 5/5 levels left

rFire   . . .        a - +0 flail
rCold   . . .        c - +0 buckler
rNeg    . . .        p - +0 plate armour
rPois   +            (helmet restricted)
rElec   .            (no cloak)
rCorr   .            (no gloves)
SInv    .            r - +0 pair of boots
Will    .....        (no amulet) Stlth
                     b - ring of poison resistance
HPRegen 0.29/turn    (no ring)
MPRegen 0.09/turn

%: no passive effects
@: mighty
A: horns 2, retaliatory headbutt
a: no special abilities


You were on level 4 of the Dungeon.
You visited 1 branch of the dungeon, and saw 4 of its levels.
You also visited: Sewer.

You collected 185 gold pieces.

Inventory:

Hand Weapons
 a - a +0 flail (weapon)
Missiles
 h - 8 boomerangs (quivered)
 o - 4 poisoned darts
Armour
 c - a +0 buckler (worn)
 p - a +0 plate armour (worn)
 r - a +0 pair of boots (worn)
Jewellery
 b - a ring of poison resistance (left hand)
Scrolls
 f - a scroll of blinking {unknown}
 j - a scroll of noise {unknown}
 k - 4 scrolls of fear {unknown}
 l - 2 scrolls of immolation {unknown}
 n - 2 scrolls of silence {unknown}
 q - a scroll of amnesia {unknown}
 s - a scroll of revelation {unknown}
 t - a scroll of poison {unknown}
 u - 2 scrolls of vulnerability {unknown}
 v - a scroll of teleportation {unknown}
 w - 2 scrolls of brand weapon {unknown}
 y - a scroll of enchant weapon {unknown}
Potions
 d - a potion of might
 e - a potion of curing
 g - a potion of cancellation
 i - a potion of mutation
 m - a potion of heal wounds {unknown}
 x - a potion of lignification {unknown}


   Skills:
 * Level 5.1 Fighting
 * Level 6.3 Maces & Flails
 * Level 1.9 Throwing
 + Level 5.0 Armour
 + Level 0.6 Dodging
 + Level 0.2 Stealth
 + Level 3.9 Shields


You had 5 spell levels left.
You didn't know any spells.
Your spell library contained the following spells:

 Spells                   Type           Power      Damage    Failure   Level
 Slow                     Hex            0%         N/A       100%        1
 Confusing Touch          Hex            0%         N/A       100%        3
 Sigil of Binding         Hex            0%         N/A       100%        3
 Vampiric Draining        Necr           0%         2d6       100%        3


Dungeon Overview and Level Annotations

Branches:
Dungeon (4/15)              Sewer (visited)
 Temple: D:4-7

Altars:

Annotations:
D:4 Dowan


Innate Abilities, Weirdness & Mutations

You have a pair of horns on your head.
You reflexively headbutt those who attack you in melee.


Message History

* * * LOW HITPOINT WARNING * * *
Things that are here:
a +0 short sword; a +0 leather armour; the elf corpse of Duvessa You barely miss the gnoll.
Your headbutt misses the gnoll. The gnoll hits you but does no damage.
You barely miss the gnoll. Your headbutt misses the gnoll.
The gnoll hits you with a +0 spear.
* * * LOW HITPOINT WARNING * * *
You sock the gnoll!
The gnoll is severely wounded.
The gnoll closely misses you. You furiously retaliate!
You headbutt the gnoll. You barely miss the gnoll.
The gnoll is almost dead.
You block the gnoll's attack.
You sock the gnoll!
You kill the gnoll!
Dowan hits you but does no damage.
You closely miss Dowan. You headbutt Dowan!
Dowan is moderately wounded.
Dowan gestures wildly while chanting.
Dowan blinks!
Throw: 8 boomerangs
Press: ? - help, Q - select action, (/) - cycle Shift-Dir - straight line, f - Dowan
Aim: Dowan, wielding a +0 dagger and wearing a +0 robe (moderately wounded, fast, 38% to hit)
You throw a boomerang.
The boomerang hits Dowan but does no damage.
Dowan is moderately wounded.
Dowan points at you and mumbles some strange words.
The stone arrow hits you!
* * * LOW HITPOINT WARNING * * *
Things that are here:
a +0 spear; a +0 flail Dowan hits you but does no damage.
You block Dowan's attack.
You miss Dowan. Your headbutt misses Dowan.
Dowan is moderately wounded.
Dowan hits you but does no damage.
You closely miss Dowan. Your headbutt misses Dowan.
Dowan is moderately wounded.
Dowan hits you but does no damage. Dowan hits you with a +0 dagger.
You die...

... .. ... .#.. #.# .#.
#.# #.. ###.## #.#
.....######## ###.####
.....#....).####......#
......†.......)).e....#
.....#......####@.....#
.....#......# #......#
.....#......####......#
.....#.........#......#
.....#####.....#......###.
.....# #.....#..........
.....# #.....#..$...[..?
###### #.....#######....
#.....# ....


You could see Dowan (fast).

Vanquished Creatures
  Sigmund (D:3)
  Duvessa (D:4)
  A scorpion (D:4)
  A hell rat (Sewer)
  2 gnolls (D:4)
  An adder (D:3)
  A river rat (Sewer)
  A dart slug (D:3)
  An orc (D:3)
  4 endoplasms
  6 giant cockroaches
  6 goblins
  6 hobgoblins
  9 jackals
  8 kobolds
  3 quokkas
  4 ball pythons
  8 bats
  3 frilled lizards
  12 rats
79 creatures vanquished.

Notes
Turn   | Place    | Note
-------+----------+-------------------------------------------
     0 | D:1      | BlackCrag the Minotaur Fighter began the quest for the Orb.
     0 | D:1      | Reached XP level 1. HP: 19/19 MP: 0/0
   226 | D:1      | You fall into a shaft and drop 1 floor!
   261 | D:2      | Reached XP level 2. HP: 27/27 MP: 1/1
   424 | D:2      | Found a faded altar of an unknown god.
   671 | D:1      | Reached XP level 3. HP: 31/33 MP: 2/2
   772 | D:1      | Reached skill level 3 in Maces & Flails
  1619 | D:3      | Noticed Sigmund
  1628 | D:3      | Killed Sigmund
  1629 | D:3      | Reached skill level 4 in Maces & Flails
  1629 | D:3      | Reached skill level 1 in Throwing
  1629 | D:3      | Reached XP level 4. HP: 24/41 MP: 3/3
  1629 | D:3      | Reached XP level 5. HP: 28/47 MP: 4/4
  1658 | D:3      | Reached skill level 5 in Maces & Flails
  1659 | D:3      | Found a glowing drain.
  1668 | Sewer    | Entered a sewer
  1895 | D:3      | Reached XP level 6. HP: 52/55 MP: 5/5
  2686 | D:4      | Noticed Duvessa
  2692 | D:4      | Noticed Dowan
  2711 | D:4      | Killed Duvessa
  2712 | D:4      | Reached skill level 5 in Fighting
  2712 | D:4      | Reached skill level 6 in Maces & Flails
  2712 | D:4      | Reached skill level 5 in Armour
  2725 | D:4      | Slain by Dowan

Illustrated notes

Levels and vault maps discovered:
D:1:      ncdulo_lavacross, layout_loops_corners
D:2:      layout_basic, chequers_ecumenical_altar_twisty, fountainhead,
          roderic_cross_of_infinity, dk_noncrumbling_2
D:3:      layout_basic, gup_sewer_entry_pipe, grunt_ministairs_1,
          kennysheep_generic_room_14, uniq_sigmund
D:4:      layout_basic, uniq_duvessa

Skill      XL: |  1  2  3  4  5  6 |
---------------+-------------------+-----
Fighting       | 4 5 |  5.1
Armour         | 4 5 |  5.0
Maces & Flails | 4 5 6 |  6.3
Throwing       | 1 |  1.9
Dodging        | |  0.6
Stealth        | |  0.2
Shields        | |  3.9

Action                     |  1- 3 |  4- 6 || total
---------------------------+-------+-------++-------
  Melee: Flail             |    77 |    89 ||   166
         Headbutt          |     9 |    18 ||    27
  Throw: Dart              |     1 |     5 ||     6
         Boomerang         |       |    10 ||    10
    Use: Scroll            |       |     5 ||     5
         Potion            |       |     2 ||     2
 Armour: Scale mail        |    33 |       ||    33
         Plate armour      |    16 |    93 ||   109
  Dodge: Dodged            |    34 |    39 ||    73
  Block: Buckler           |     9 |    15 ||    24
